[Event "Live Chess"]
[Site "Chess.com"]
[Date "2023.05.21"]
[Round "-"]
[White "GwaryTek"]
[Black "viktorskliarov"]
[Result "0-1"]
[WhiteElo "2060"]
[BlackElo "2651"]
[TimeControl "300"]
[EndTime "6:22:57 PDT"]
[Termination "viktorskliarov won by resignation"]

1. d4 Nf6 2. c4 e6 3. Nc3 Bb4 4.
Nf3 b6 5. Bg5 h6 6. Bh4 g5 7.
Bg3 Ne4 8. Rc1 Bb7 9. e3 f5 10. Bd3 Bxc3+ 11. bxc3 d6 12. h4 Nxg3 13. fxg3 g4 14. Nd2 Bxg2 15. Rh2 Bb7 16. e4 O-O 17. Qe2 Nd7 18. Kd1 Qf6 19. Rf2 Rae8 20. Kc2 Qg7 21.
Rcf1 c5 22. Nb3 a5 23. exf5 exf5 24. Qd2 a4 25. Nc1 Be4 26. d5 Ne5 27. Kb2 Bxd3 0-1

[Event "Live Chess"]
[Site "Chess.com"]
[Date "2023.05.21"]
[Round "-"]
[White "Ferrarifan27"]
[Black "Ian-Morley"]
[Result "1-0"]
[WhiteElo "2067"]
[BlackElo "1058"]
[TimeControl "300"]
[EndTime "6:23:03 PDT"]
[Termination "Ferrarifan27 won by resignation"]

1. e4 d5 2. exd5 Qxd5 3. Nc3 Qe6+ 4. Be2 Nf6 5. d4 c6 6. Nf3 Nbd7 7. O-O Nd5 8. Nxd5 Qxd5 9. Re1 Nf6 10. Ne5 e6 11. Bf3 Qd8 12. Nxc6 bxc6 13. Bxc6+ Bd7 14. Bxa8 Qxa8 15. Bg5 Be7 16. Bxf6 Bxf6 17. d5 O-O 18. dxe6 Bxe6 19. c3 Qd5 20. Qxd5 Bxd5 21. a3 h6 22. Rad1 Be6 23. Rd2 a5 24. g3 Rb8 25. Re4 Bf5 26.
Ra4 Be4 27. Rxe4 g5 28. Ra4 Bxc3 29. bxc3 Rb1+ 30. Kg2 1-0

[Event "Live Chess"]
[Site "Chess.com"]
[Date "2023.05.21"]
[Round "-"]
[White "matt1979"]
[Black "MarkLim1"]
[Result "0-1"]
[WhiteElo "1522"]
[BlackElo "1712"]
[TimeControl "300"]
[EndTime "6:23:09 PDT"]
[Termination "MarkLim1 won by resignation"]

1. f4 d5 2. e3 Nf6 3. Nf3 Bg4 4. h3 Bxf3 5. Qxf3 Nc6 6. Bb5 e6 7. O-O Bd6 8. d3 O-O 9. Bxc6 bxc6 10. b3 Rb8 11.
Bb2 c5 12. Nd2 a5 13. a4 Qd7 14. Be5 Be7 15. Qg3 g6 16. Nf3 Nh5 17. Qg4 f6 18. Nh4 fxe5 19. Nxg6 hxg6 20. Qxg6+ Ng7 21. Rf3 Rf6 22.
Qg3 exf4 23. exf4 c4 24. Re1 cxb3 25. cxb3 Rxb3 26. Qg4 Bb4 27. Ref1 Qxa4 28. Rg3 Rf7 29. f5 Bc5+ 30. Kh2 Qxg4 31. Rxg4 exf5 0-1

[Event "Live Chess"]
[Site "Chess.com"]
[Date "2023.05.21"]
[Round "-"]
[White "Brooms1989"]
[Black "DoYouLikeCurry"]
[Result "0-1"]
[WhiteElo "1155"]
[BlackElo "1450"]
[TimeControl "300"]
[EndTime "6:23:25 PDT"]
[Termination "DoYouLikeCurry won by checkmate"]

1. e4 c6 2. d4 d5 3. f3 dxe4 4. fxe4 e5 5. Nf3 Bg4 6. dxe5 Qxd1+ 7. Kxd1 Nd7 8. Bf4 g5 9. Bg3 h5 10. h3 Bxf3+ 11. gxf3 h4 12. Bh2 O-O-O 13. Ke2 Bc5 14.
Nc3 f6 15. Na4 Bb6 16. Nxb6+ Nxb6 17. exf6 Nxf6 18. Bg2 Nc4 19. b3 Rd2+ 20. Kf1 Ne3+ 21. Kg1 Rxg2# 0-1

[Event "Live Chess"]
[Site "Chess.com"]
[Date "2023.05.21"]
[Round "-"]
[White "LL220284LL"]
[Black "mattihelenius2"]
[Result "1-0"]
[WhiteElo "2270"]
[BlackElo "491"]
[TimeControl "300"]
[EndTime "6:23:43 PDT"]
[Termination "LL220284LL won by resignation"]

1. b3 e5 2. Bb2 d5 3. Bxe5 Nc6 4. Bb2 Nf6 5. Nf3 Bf5 6. e3 Bd6 7. Bb5 a6 8. Bxc6+ bxc6 9. d4 Qe7 10. Nbd2 Ne4 11.
c4 dxc4 12. bxc4 c5 13. d5 Bg4 14. h3 Bxf3 15. Nxf3 Qf6 16. Bxf6 1-0

[Event "Live Chess"]
[Site "Chess.com"]
[Date "2023.05.21"]
[Round "-"]
[White "LanceMaster23"]
[Black "ClassyChameleon"]
[Result "1-0"]
[WhiteElo "1948"]
[BlackElo "1083"]
[TimeControl "300"]
[EndTime "6:23:48 PDT"]
[Termination "LanceMaster23 won by checkmate"]

1. Nf3 d5 2. d4 Nc6 3. Bf4 Bf5 4. e3 e6 5. c3 Nf6 6. Qb3 Na5 7. Qd1 Bd6 8. Bg3 Bxg3 9. hxg3 Bg4 10. Nbd2 Nc4 11.
Nxc4 dxc4 12. Bxc4 Ne4 13. Rh4 f5 14. Bxe6 Ng5 15.
Qb3 Bxf3 16. gxf3 Qe7 17. Qxb7 Nxe6 18. Qxa8+ Nd8 19. O-O-O O-O 20. Qd5+ Nf7 21. Qxf5 Nd6 22. Qxh7+ Kf7 23. Rf4+ Ke8 24. Qg6+ Kd7 25. Rxf8 Qxf8 26. Rh1 Nf5 27. Qg4 g6 28. e4 Kc6 29. exf5 Kb7 30.
Qe4+ Kb6 31. Qe6+ Kb7 32. Qxg6 Qe7 33. Qe6 Qf8 34. Qd5+ Kb6 35. Rh7 Qd6 36. Qxd6+ cxd6 37. f6 Kc6 38. f7 a6 39. f8=Q a5 40. Qc8+ Kd5 41. Rh5# 1-0

[Event "Live Chess"]
[Site "Chess.com"]
[Date "2023.05.21"]
[Round "-"]
[White "Olisingapore"]
[Black "nigelst"]
[Result "0-1"]
[WhiteElo "1774"]
[BlackElo "1706"]
[TimeControl "300"]
[EndTime "6:23:48 PDT"]
[Termination "nigelst won by checkmate"]

1. d4 Nf6 2. c4 e6 3. g3 Bb4+ 4. Nd2 O-O 5. Bg2 d5 6. Nf3 Ne4 7. O-O Nd7 8. Nxe4 dxe4 9. Nd2 Bxd2 10. Bxd2 Nf6 11. Qc2 Qxd4 12. Bg5 h6 13. Bxf6 Qxf6 14. Qxe4 c6 15. b3 Rd8 16. Rad1 Bd7 17. Rd3 Be8 18. Rfd1 Rxd3 19. Rxd3 Rd8 20. Rxd8 Qxd8 21. Qe3 Qd1+ 22. Bf1 Bd7 23. Qxa7 e5 24. Qxb7 Bh3 25. Qa8+ Kh7 26. Qxc6 Qxf1# 0-1

[Event "Live Chess"]
[Site "Chess.com"]
[Date "2023.05.21"]
[Round "-"]
[White "MaximKris"]
[Black "JoRoSaR"]
[Result "1-0"]
[WhiteElo "1798"]
[BlackElo "1689"]
[TimeControl "300"]
[EndTime "6:23:56 PDT"]
[Termination "MaximKris won by resignation"]

1. e4 c5 2. Nf3 Nc6 3. Bb5 d6 4.
O-O Bg4 5. h3 Bh5 6. Nc3 a6 7.
Bxc6+ bxc6 8. d4 cxd4 9. Qxd4 Bxf3 10. gxf3 e5 11. Qc4 Qc7 12. Nd5 Qb7 13. Nb4 c5 14.
Nd5 Ne7 15. Nxe7 Bxe7 16. Be3 O-O 17. Rad1 Rad8 18. b3 Kh8 19. Qd5 Qxd5 20. Rxd5 f5 21. c4 fxe4 22. fxe4 Rf3 23. Kg2 Rdf8 24. a3 Kg8 25.
Rg1 Kf7 26. Kxf3 1-0

[Event "Live Chess"]
[Site "Chess.com"]
[Date "2023.05.21"]
[Round "-"]
[White "slava_ukr"]
[Black "GMMickeyAdams"]
[Result "1/2-1/2"]
[WhiteElo "2333"]
[BlackElo "2780"]
[TimeControl "300"]
[EndTime "6:24:20 PDT"]
[Termination "Game drawn by repetition"]

1. e4 e6 2. d4 d5 3. exd5 exd5 4. Nf3 Bd6 5. Bd3 Nf6 6. O-O O-O 7. Bg5 Bg4 8. Nbd2 Nbd7 9. c3 h6 10. Bh4 Re8 11.
Qc2 Qe7 12. Rae1 Qf8 13. Bg3 Bxg3 14. hxg3 Qd6 15. Bf5 Bxf5 16. Qxf5 g6 17. Qf4 Qxf4 18. gxf4 Kg7 19. g3 Ne4 20. Nxe4 dxe4 21. Ne5 Nb6 22. Re2 h5 23. b3 f6 24. Nc4 Nxc4 25. bxc4 f5 26.
Rb1 b6 27. a4 Re6 28. Rb5 Rc6 29. c5 a6 30. Rb3 bxc5 31. d5 Rb6 32. Reb2 Rab8 33. d6 c4 34. Rxb6 cxb6 35. d7 Rd8 36. Rxb6 Rxd7 37. Rxa6 Rd3 38. Rc6 Rxc3 39. a5 Kh6 40. a6 h4 41. Kg2 hxg3 42. fxg3 Ra3 43. a7 Rxa7 44. Rxc4 Kh5 45. Kh3 g5 46. Rc5 g4+ 47.
Kg2 Kg6 48. Rc6+ Kg7 49. Rc5 Rf7 50. Kf2 Kf6 51. Rc6+ Ke7 52. Ra6 Rf6 53. Ra7+ Ke6 54. Ra6+ Kf7 55. Ra7+ Kg6 56. Re7 Rd6 57. Ra7 Kf6 58.
Ra5 Rd3 59. Ra6+ Ke7 60. Ra7+ Kd6 61. Ra6+ Kd5 62. Ra5+ Kd4 63. Ra4+ Kc3 64. Ra3+ Kc2 65.
Ra2+ Kc3 66. Ra3+ Kc4 67. Ra4+ Kb5 68. Ra8 Rf3+ 69. Kg2 Kc4 70. Ra4+ Kb3 71. Ra5 e3 72. Re5 Kc2 73. Rxf5 Kd2 74. Rd5+ Ke1 75. Rd8 Rf2+ 76.
Kg1 e2 77. Rd7 Rf3 78. Kg2 Rf2+ 79. Kg1 Rf1+ 80. Kg2 Rf2+ 81. Kg1 1/2-1/2

[Event "Live Chess"]
[Site "Chess.com"]
[Date "2023.05.21"]
[Round "-"]
[White "Duke_of_Bebington"]
[Black "wot-not"]
[Result "0-1"]
[WhiteElo "1564"]
[BlackElo "1549"]
[TimeControl "300"]
[EndTime "6:24:20 PDT"]
[Termination "wot-not won by checkmate"]

1. e4 e6 2. d4 d5 3. Nd2 Nc6 4. c3 e5 5. dxe5 Nxe5 6. exd5 Qxd5 7. Be2 Qxg2 8. Bf3 Nxf3+ 9. Qxf3 Qxf3 10. Ndxf3 Be6 11.
Be3 O-O-O 12. Ne2 Nf6 13. Ned4 Ng4 14. O-O-O Nxe3 15. fxe3 Bg4 16. Rdf1 Bxf3 17. Rxf3 f6 18. Rg1 Rg8 19. Rfg3 g5 20. Nf5 Bd6 21. Nxd6+ Rxd6 22.
h4 h6 23. hxg5 fxg5 24. e4 Re8 25.
Re3 Rde6 26. Rge1 Kd7 27. Kd2 Kc6 28. Kd3 Rd8+ 29. Kc4 Rd2 30. Kb3 Kc5 31. Rh3 Rb6+ 32. Ka3 Rdxb2 33. e5 R2b5 34. Re4 Ra5+ 35. Ra4 Rxa4+ 36.
Kxa4 Kd5 37. Re3 Ke6 38. a3 Rc6 39. Kb3 Rc5 40. Rh3 Kxe5 41. Rxh6 Kf4 42. Rg6 g4 43.
Rf6+ Ke3 44. Rg6 Kf3 45. Rf6+ Kg2 46. Rg6 g3 47. Kc2 Rd5 48. c4 Rd4 49. Kc3 c5 50. a4 Kf2 51. Rf6+ Kg1 52. Rf7 g2 53. Rxb7 Kf1 54. Rf7+ Ke1 55. Re7+ Kd1 56. Rg7 Rd2 57. a5 Rf2 58. Rd7+ Ke1 59. Re7+ Kf1 60. Rxa7 g1=Q 61.
Rc7 Qg3# 0-1

[Event "Live Chess"]
[Site "Chess.com"]
[Date "2023.05.21"]
[Round "-"]
[White "WelshTiger"]
[Black "davigator"]
[Result "1-0"]
[WhiteElo "2320"]
[BlackElo "2305"]
[TimeControl "300"]
[EndTime "6:24:29 PDT"]
[Termination "WelshTiger won by resignation"]

1. e4 c5 2. Nf3 Nc6 3. Bb5 g6 4.
O-O Bg7 5. c3 Nf6 6. Qa4 O-O 7. d4 cxd4 8. cxd4 d5 9. e5 Ne4 10.
Bxc6 bxc6 11. Qxc6 Bg4 12. Nc3 Bxf3 13. gxf3 Nxc3 14. Qxc3 e6 15. Be3 Qb6 16. Rfc1 Rab8 17. b3 f6 18. f4 f5 19. Qc5 Qa6 20. Qc3 Rf7 21. Qd2 Bf8 22. Rc2 Rxb3 23. axb3 Qxa1+ 24. Kg2 Qa6 25. Ra2 Qb5 26. Qc2 Rb7 27. h4 h5 28.
Qc8 Kf7 29. Rc2 Qd7 30. Qa8 Rxb3 31. Rc8 Bg7 32. Rg8 a5 33. Rd8 Qc7 34. Rd6 Rb7 35. Ra6 Rb8 36. Qa7 Rb7 37. Qc5 Bf8 38. Qxa5 Qxa5 39.
Rxa5 Be7 40. Ra6 Bxh4 41. Rc6 Be7 42. Bd2 Rb2 43. Ba5 g5 44. fxg5 Bxg5 45. Rc7+ Kg6 46. Rc6 Be3 47. Rxe6+ Kg5 48. Bd8+ Kf4 49. Rg6 Rxf2+ 50.
Kh3 Bxd4 51. e6 Re2 52. Bc7+ Ke4 53. e7 Kd3 54. Bd6 f4 55. Rg8 f3 56. e8=Q f2 57.
Qb5+ Kd2 58. Bb4+ Kd1 59. Qd3+ Kc1 60. Qxe2 1-0

[Event "Live Chess"]
[Site "Chess.com"]
[Date "2023.05.21"]
[Round "-"]
[White "TheSmoulderingMaster"]
[Black "GEMdzq"]
[Result "0-1"]
[WhiteElo "1653"]
[BlackElo "2259"]
[TimeControl "300"]
[EndTime "6:24:36 PDT"]
[Termination "GEMdzq won by resignation"]

1. e4 d6 2. d4 Nf6 3. Nc3 g6 4. Bf4 Bg7 5. Nf3 c6 6. Qd2 b5 7.
O-O-O b4 8. Nb1 Nxe4 9. Qxb4 O-O 10. Bg3 Na6 11. Qa4 Nc7 12. Bd3 Nxg3 13. hxg3 Bd7 14. d5 cxd5 15. Qh4 h6 16. Ng5 e5 17.
f4 Rb8 18. Rh2 e4 19. Be2 Bxb2+ 20. Kd2 Nb5 21. Qxh6 Qa5+ 22. c3 Bxc3+ 23. Kc2 Qxa2+ 0-1

[Event "Live Chess"]
[Site "Chess.com"]
[Date "2023.05.21"]
[Round "-"]
[White "ChessClubLive"]
[Black "gmnorfolk"]
[Result "0-1"]
[WhiteElo "1699"]
[BlackElo "2131"]
[TimeControl "300"]
[EndTime "6:24:56 PDT"]
[Termination "gmnorfolk won by resignation"]

1. e4 c5 2. Nf3 d6 3. d4 cxd4 4.
c3 Nf6 5. Bc4 e6 6. O-O Be7 7. Qe2 dxc3 8. Nxc3 O-O 9. Rd1 Bd7 10.
Bf4 e5 11. Bg3 Nc6 12. Rac1 Bg4 13. h3 Nd4 14. Rxd4 Bxf3 15. Rxd6 Bxe2 16. Rxd8 Rfxd8 17. Nxe2 Rd2 18. Bxe5 Nxe4 19. f3 Nf6 20. Bc3 Rdd8 21. Nd4 Nd5 22. Be1 Nb6 23. Nf5 Bf8 24. Bh4 Rdc8 0-1

[Event "Live Chess"]
[Site "Chess.com"]
[Date "2023.05.21"]
[Round "-"]
[White "EdenHazard8"]
[Black "garyjc"]
[Result "1-0"]
[WhiteElo "1968"]
[BlackElo "1035"]
[TimeControl "300"]
[EndTime "6:25:09 PDT"]
[Termination "EdenHazard8 won by resignation"]

1. e4 c5 2. Nc3 d6 3. f4 Nc6 4. Nf3 e6 5. Bb5 a6 6. Bxc6+ bxc6 7. d3 g6 8. O-O Bg7 9. Qe1 Nf6 10. Qh4 O-O 11. f5 exf5 12. Bh6 Qb6 13. Ng5 Bxh6 14.
Qxh6 c4+ 15. Kh1 cxd3 16. cxd3 Qxb2 17. Rac1 Qb6 18. e5 dxe5 19. Nce4 fxe4 20. Rxf6 1-0

[Event "Live Chess"]
[Site "Chess.com"]
[Date "2023.05.21"]
[Round "-"]
[White "whatnot126"]
[Black "Biranidun"]
[Result "0-1"]
[WhiteElo "2064"]
[BlackElo "2530"]
[TimeControl "300"]
[EndTime "6:25:12 PDT"]
[Termination "Biranidun won by resignation"]

1. e4 c5 2. c3 Nf6 3. e5 Nd5 4.
d4 cxd4 5. cxd4 d6 6. exd6 Qxd6 7. Nf3 Nc6 8. Nc3 Bg4 9. Bc4 e6 10. O-O Nb6 11. Bb5 Be7 12. Be3 O-O 13. h3 Bh5 14.
Bxc6 bxc6 15. Qe2 Rab8 16. b3 Nd5 17. Ne4 Qb4 18. Rfc1 Rfc8 19. Rc4 Qb5 20. Rac1 Nb6 21. R4c2 Qxe2 22. Rxe2 Bxf3 23. gxf3 Nd5 24. Rec2 Ba3 25. Rd1 Kf8 26. Rc4 Rb4 27. Rc5 Rb5 28. Rc4 Nb6 29. Rc2 Ke7 30. Nc3 Rf5 31. Kg2 Kd7 32.
Ne4 a5 33. Nc5+ Bxc5 34. Rxc5 Rxc5 35. dxc5+ Nd5 36. Rd4 Rb8 37. Bd2 Rb5 38. Ra4 Rxc5 39. Rxa5 Rc2 40. Bg5 f6 41. Bh4 g5 42. Bg3 e5 43.
Ra7+ Nc7 44. h4 h6 45. Kh3 Kd6 46. Kg4 Rc3 47. Kh5 Rxf3 48. Kxh6 gxh4 49. Bxh4 Nd5 50. Rb7 Ke6 51. Kh5 Kf5 52. Rf7 Rh3 53. Kh6 Rxh4+ 54. Kg7 Rh2 55. a4 Rxf2 56. a5 Ra2 57. Ra7 e4 58. Kf7 e3 59. Ra8 e2 60. Re8 Nf4 61. Rc8 e1=Q 0-1

[Event "Live Chess"]
[Site "Chess.com"]
[Date "2023.05.21"]
[Round "-"]
[White "elizaveta_frundina"]
[Black "SupremeTactician"]
[Result "0-1"]
[WhiteElo "1581"]
[BlackElo "2232"]
[TimeControl "300"]
[EndTime "6:25:22 PDT"]
[Termination "SupremeTactician won on time"]

1. e4 e5 2. Nf3 Nc6 3. d4 exd4 4. Nxd4 Nf6 5. Nc3 Bb4 6. Nxc6 bxc6 7. Bd3 d5 8. exd5 cxd5 9. O-O O-O 10. Bg5 c6 11.
Ne2 Be7 12. Ng3 h6 13. Bf4 Bd6 14. Qf3 Bxf4 15. Qxf4 Be6 16. Nf5 Bxf5 17. Qxf5 Qd7 18. Qxd7 Nxd7 19. Rfe1 Rfe8 20. h3 Nc5 21. Bf5 g6 22.
Bg4 h5 23. Bf3 Kg7 24. c4 Ne4 25. cxd5 cxd5 26. Rad1 Rad8 27. Bxe4 dxe4 28. Rxd8 Rxd8 29. Rxe4 Rd1+ 30. Kh2 Rd2 31. Ra4 Rxb2 32. Kg3 Rb7 33. Rc4 Rd7 34. a4 Rd5 35. Kf4 Rf5+ 36. Ke3 Ra5 37. g4 hxg4 38. hxg4 Kf6 39. f4 Ke6 40. f5+ gxf5 41. g5 Ke5 42. Rb4 a6 43. Kf3 Rc5 44.
Rb3 Rc4 45. a5 Ra4 46. Rb7 Ra3+ 47. Kg2 Rxa5 48. Rxf7 Rc5 49. g6 Rc6 50. Rg7 a5 51. Kf3 a4 52. Ra7 Rxg6 53. Rxa4 Rd6 54. Ra5+ Kf6 55.
Kf4 Rd4+ 56. Ke3 Rb4 57. Rc5 Kg5 58. Kf3 Rb3+ 59. Kg2 Kg4 60. Kf2 f4 61. Rc4 Rb2+ 0-1

[Event "Live Chess"]
[Site "Chess.com"]
[Date "2023.05.21"]
[Round "-"]
[White "KeithArkell"]
[Black "Pablo_dmp"]
[Result "1-0"]
[WhiteElo "2482"]
[BlackElo "1875"]
[TimeControl "300"]
[EndTime "6:25:28 PDT"]
[Termination "KeithArkell won by resignation"]

1. b3 Nf6 2. Bb2 d5 3. Bxf6 exf6 4. g3 Bc5 5. d4 Bd6 6. Bg2 Be6 7. Nf3 c5 8. dxc5 Bxc5 9. O-O Nc6 10. e3 Bg4 11. h3 Be6 12. Nc3 O-O 13. Ne2 Qd7 14.
Kh2 Rac8 15. Ned4 Nxd4 16. Nxd4 Bxd4 17. Qxd4 Rxc2 18. Qxa7 Rfc8 19. Qd4 Qc6 20. a4 Qc3 21. Rad1 Qxd4 22. Rxd4 Rb2 23. Bxd5 Rcc2 24. Kg2 h6 25. Bxe6 fxe6 26. Rb4 Rc3 27. Rxb7 Rcxb3 28. Rxb3 Rxb3 29. Ra1 Rb6 30. a5 Ra6 31. Kf3 g5 32. Ke4 Kf7 33. Kd4 Ke7 34. Kc5 Kd7 35. Kb5 Ra8 36. a6 Kd6 37. a7 f5 38. Kb6 Ke5 39. Ra4 1-0

[Event "Live Chess"]
[Site "Chess.com"]
[Date "2023.05.21"]
[Round "-"]
[White "RedRook90"]
[Black "SavagePawn7"]
[Result "1-0"]
[WhiteElo "1949"]
[BlackElo "789"]
[TimeControl "300"]
[EndTime "6:25:29 PDT"]
[Termination "RedRook90 won on time"]

1. c4 d5 2. cxd5 Qxd5 3. Nc3 Qd8 4. d4 Nf6 5. Nf3 Nc6 6. Bf4 e6 7. e3 Bb4 8. Bd3 Bxc3+ 9. bxc3 O-O 10. O-O Re8 11. Qc2 g6 12. Rab1 Nh5 13. Bg3 Nxg3 14. hxg3 e5 15. Rfd1 exd4 16. cxd4 Bd7 17. Rxb7 Rb8 18.
Rxb8 Nxb8 19. Ne5 Qe7 20. Qxc7 Ba4 21. Rb1 Qxc7 22. Bc4 Nc6 23. Bxf7+ Kf8 24. Bxe8 Kxe8 25. Rc1 Qb6 26. Nd3 Bb5 27. Nc5 Qa5 28. Rc2 Qe1+ 29. Kh2 Nb4 30. Rb2 Nd3 31. Nxd3 Qa5 32. Nc5 1-0

[Event "Live Chess"]
[Site "Chess.com"]
[Date "2023.05.21"]
[Round "-"]
[White "vovanada"]
[Black "Tiltador"]
[Result "1-0"]
[WhiteElo "833"]
[BlackElo "823"]
[TimeControl "300"]
[EndTime "6:25:31 PDT"]
[Termination "vovanada won on time"]

1. d4 d5 2. Bf4 c6 3. e3 e6 4.
Nf3 Bd6 5. Bg3 Bxg3 6. hxg3 Nf6 7. c3 O-O 8. Ne5 Nbd7 9. Bd3 g6 10. Nxd7 Bxd7 11.
Nd2 Ne4 12. Nxe4 dxe4 13. Bxe4 f5 14. Bd3 Qb6 15. b3 Rad8 16. g4 c5 17. gxf5 exf5 18. Qf3 cxd4 19. exd4 Rde8+ 20. Be2 Bc6 21. Qh3 Rf7 22.
O-O-O Rg7 23. Bc4+ Kf8 24. Rde1 Rxe1+ 25. Rxe1 Qa5 26. Qe3 Qxa2 27. Bd5 Qa1+ 28. Kd2 Qa2+ 29. Kd1 Qb1+ 30. Kd2 Qb2+ 31. Kd3 Bb5+ 32. Bc4 Bc6 33. Bd5 Qa3 34. Bxc6 Qa6+ 35. c4 Qxc6 36. d5 Qd7 37. Qxa7 b5 38. Qc5+ Kg8 39. cxb5 Kh8 40.
b6 Qd8 41. Qc6 Qf8 42. b7 Qb4 43. Qe8+ Rg8 44. Qe5+ 1-0

[Event "Live Chess"]
[Site "Chess.com"]
[Date "2023.05.21"]
[Round "-"]
[White "RichardABates"]
[Black "grillage"]
[Result "1-0"]
[WhiteElo "2129"]
[BlackElo "1787"]
[TimeControl "300"]
[EndTime "6:25:31 PDT"]
[Termination "RichardABates won by resignation"]

1. d4 Nf6 2. c4 e6 3. Nc3 Bb4 4. Qc2 Nc6 5. Nf3 d6 6. Bd2 O-O 7. a3 Bxc3 8. Bxc3 Re8 9. Rd1 Qe7 10.
e4 e5 11. d5 Nb8 12. h3 Nbd7 13. b4 b6 14. Bd3 Nf8 15. c5 Ng6 16. g3 h5 17. Qd2 h4 18. Qg5 hxg3 19. fxg3 Nh7 20. Qxe7 Rxe7 21. Kf2 Nf6 22. Rc1 Ne8 23. Bd2 f6 24.
Rc2 Kf7 25. g4 Nf4 26. Bxf4 exf4 27. Nd4 g5 28. Nc6 Rd7 29. h4 Bb7 30. hxg5 fxg5 31.
e5 Bxc6 32. e6+ Kf6 33. Rh6+ Ke5 34. Re2+ Kxd5 35. Be4+ Kd4 36. Bxc6 Re7 37. Re4+ Kd3 38. Rh3+ 1-0

[Event "Live Chess"]
[Site "Chess.com"]
[Date "2023.05.21"]
[Round "-"]
[White "NomisY"]
[Black "AndriY19966"]
[Result "1-0"]
[WhiteElo "1543"]
[BlackElo "784"]
[TimeControl "300"]
[EndTime "6:25:32 PDT"]
[Termination "NomisY won by checkmate"]

1. d4 d5 2. c4 dxc4 3. Nf3 e6 4. e3 b5 5. a4 Bd7 6. Ne5 f6 7. Qh5+ g6 8. Nxg6 hxg6 9. Qxh8 Nh6 10. axb5 Bxb5 11.
Nc3 c6 12. Qh7 g5 13. Qb7 Na6 14. Nxb5 cxb5 15. Qxb5+ Qd7 16. Qxd7+ Kxd7 17. Rxa6 e5 18. Rxf6 c3 19. bxc3 Rc8 20. Bd2 Ke7 21. Rg6 g4 22. Be2 Kf7 23. Ra6 Rc7 24. O-O Rb7 25. e4 Ng8 26.
Bxg4 Bd6 27. d5 Bc5 28. Be3 Bxe3 29. fxe3+ Ke7 30. Rf5 Nf6 31. Rxe5+ Kf7 32. Rf5 Kg7 33. Rfxf6 Kh8 34. Rf5 Kg7 35. Re5 Kf8 36. Rf6+ Kg7 37. Rf3 Kg6 38. h4 Rb3 39. h5+ Kh6 40. Rf6+ Kg7 41. Rc6 Ra3 42. d6 Ra1+ 43. Kh2 Rd1 44. d7 Kf8 45. Rd5 Rxd5 46. exd5 Ke7 47. Rc8 a5 48.
d8=Q+ Kf7 49. Rc7# 1-0

[Event "Live Chess"]
[Site "Chess.com"]
[Date "2023.05.21"]
[Round "-"]
[White "AMCWAML"]
[Black "CheckThis4"]
[Result "0-1"]
[WhiteElo "2280"]
[BlackElo "2524"]
[TimeControl "300"]
[EndTime "6:25:33 PDT"]
[Termination "CheckThis4 won by resignation"]

1. e4 c5 2. Nf3 d6 3. d4 cxd4 4. Nxd4 Nf6 5. Nc3 g6 6. Be3 Bg7 7. f3 Nc6 8. Qd2 O-O 9. O-O-O d5 10. Nxc6 bxc6 11. Qe1 Be6 12. Bd4 Rb8 13. Be5 Rb7 14. Ba6 Rb6 15. Bd3 d4 16. Ne2 c5 17. b3 Qc8 18. Nf4 c4 19. Bxc4 Bxc4 20. bxc4 Qxc4 21. Rxd4 Qxa2 22. Qc3 Qb1+ 23. Kd2 Qxh1 24. h3 Rb1 25. Ke3 Qg1+ 26. Ke2 Qf1+ 27. Ke3 Re1+ 0-1

[Event "Live Chess"]
[Site "Chess.com"]
[Date "2023.05.21"]
[Round "-"]
[White "LordBenin"]
[Black "zdanevych"]
[Result "1-0"]
[WhiteElo "1386"]
[BlackElo "1505"]
[TimeControl "300"]
[EndTime "6:25:40 PDT"]
[Termination "LordBenin won by resignation"]

1. e4 d5 2. exd5 c6 3. dxc6 Nxc6 4. Nc3 a6 5. Nf3 Nf6 6. Bc4 Bg4 7. d3 e6 8. O-O Nd4 9. Be3 Nxf3+ 10. gxf3 Bh3 11. Re1 Bd6 12. Ne4 Nxe4 13. fxe4 O-O 14. Qh5 b5 15. Bb3 Bxh2+ 16. Kxh2 Qd6+ 17. f4 Bf5 18. exf5 exf5 19. Qh3 g6 20. Qg3 Rfe8 21. Bd2 Re7 22. Rxe7 Qxe7 23.
Bc3 Re8 24. Re1 1-0

[Event "Live Chess"]
[Site "Chess.com"]
[Date "2023.05.21"]
[Round "-"]
[White "OleksiyJr1"]
[Black "Doge_Dandolo"]
[Result "0-1"]
[WhiteElo "1004"]
[BlackElo "1898"]
[TimeControl "300"]
[EndTime "6:26:03 PDT"]
[Termination "Doge_Dandolo won by resignation"]

1. e4 c6 2. Nf3 d5 3. e5 Bg4 4. d4 e6 5. h3 Bxf3 6. Qxf3 c5 7. c3 Nd7 8. Nd2 Ne7 9. Bd3 Nc6 10. O-O Be7 11. Nb3 cxd4 12. cxd4 a5 13. a4 Nb4 14. Bd2 Nxd3 15. Qxd3 O-O 16. Qe3 f6 17. f4 fxe5 18. fxe5 Qb6 19. Qe1 Qxb3 0-1

[Event "Live Chess"]
[Site "Chess.com"]
[Date "2023.05.21"]
[Round "-"]
[White "chessfiction"]
[Black "Berdgross"]
[Result "1-0"]
[WhiteElo "2323"]
[BlackElo "697"]
[TimeControl "300"]
[EndTime "6:26:03 PDT"]
[Termination "chessfiction won by resignation"]

1. e4 e5 2. d4 d6 3. c3 Nc6 4. Bc4 exd4 5. Nf3 dxc3 6. O-O Bg4 7. Qb3 Be6 8. Qxb7 Na5 9. Bb5+ Bd7 10. Bxd7+ Kxd7 11. Qa6 cxb2 12. Bxb2 Nc6 13. Rc1 Ne5 14. Bxe5 Ke8 15. Qc6+ Ke7 16. Nc3 dxe5 17. Nd5+ Qxd5 18.
exd5 Rb8 19. Qxc7+ 1-0

[Event "Live Chess"]
[Site "Chess.com"]
[Date "2023.05.21"]
[Round "-"]
[White "RedRook90"]
[Black "grillage"]
[Result "1-0"]
[WhiteElo "1954"]
[BlackElo "1782"]
[TimeControl "300"]
[EndTime "6:26:30 PDT"]
[Termination "RedRook90 won by resignation"]

1. c4 b6 2. g3 Bb7 3. Nf3 e6 4. Bg2 Nf6 5. O-O Be7 6. Nc3 O-O 7. b3 d6 8. Bb2 Nbd7 9. d4 e5 10. dxe5 Nxe5 11. Nxe5 dxe5 12. Bxb7 1-0

[Event "Live Chess"]
[Site "Chess.com"]
[Date "2023.05.21"]
[Round "-"]
[White "raminguy"]
[Black "mliszewski"]
[Result "1-0"]
[WhiteElo "1947"]
[BlackElo "1797"]
[TimeControl "300"]
[EndTime "6:26:34 PDT"]
[Termination "raminguy won by resignation"]

1. d4 d5 2. Nc3 Nc6 3. e4 dxe4 4. d5 Nb4 5. a3 Nxd5 6. Qxd5 Qxd5 7. Nxd5 Kd7 8. Bf4 c6 9. Nc7 Rb8 10. Kd1 e6 11.
Nxe6 fxe6 12. Bxb8 Bc5 13. Bg3 Ne7 14. Ke1 Nd5 15.
Rd1 Ke7 16. Bh4+ Kf7 17. Bc4 h6 18. Ne2 g5 19. Bg3 Rd8 20. h4 g4 21. Nf4 Kf6 22.
Ba2 Bb6 23. Nh3 gxh3 24. h5 hxg2 25. Rg1 e5 26. Bh4+ Kf5 27. Bxd8 Bxd8 28. c4 Nf4 29.
Rxd8 Nd3+ 30. Ke2 Be6 31. Re8 Nxb2 32. Rxg2 Na4 33. Kf1 Nc3 34. Bb3 Nb1 35. Kg1 e3 36.
fxe3 Nxa3 37. Rf8+ Ke4 38. Re8 Bxc4 39. Bxc4 Nxc4 40. Rg4+ Kd3 41. Rxc4 Kxc4 42. Rxe5 Kd3 43. Re6 1-0

[Event "Live Chess"]
[Site "Chess.com"]
[Date "2023.05.21"]
[Round "-"]
[White "YrrriKharkiv"]
[Black "GMHarry-youtube"]
[Result "0-1"]
[WhiteElo "2066"]
[BlackElo "2044"]
[TimeControl "300"]
[EndTime "6:26:34 PDT"]
[Termination "GMHarry-youtube won by resignation"]

1. d4 Nf6 2. c4 g6 3. Nc3 d5 4. Qb3 dxc4 5. Qxc4 c6 6. e4 Bg7 7. Nf3 O-O 8. h3 Nbd7 9. Be3 Re8 10. Rd1 Qa5 11.
Nd2 e5 12. Nb3 Qc7 13. d5 Nb6 14. Bxb6 Qxb6 15. Be2 cxd5 16. Nxd5 Nxd5 17. exd5 Bf5 18. Qc5 Qxc5 19. Nxc5 b6 20. Na4 Bc2 21. b3 Bxd1 22.
Bxd1 Rad8 23. O-O 0-1

[Event "Live Chess"]
[Site "Chess.com"]
[Date "2023.05.21"]
[Round "-"]
[White "Conradical12"]
[Black "HadesLearmonth"]
[Result "1-0"]
[WhiteElo "1588"]
[BlackElo "1202"]
[TimeControl "300"]
[EndTime "6:26:48 PDT"]
[Termination "Conradical12 won by checkmate"]

1. e4 e5 2. Nf3 Nc6 3. Bc4 Bc5 4. b4 Bb6 5. O-O Nf6 6. c3 O-O 7. d4 d5 8. exd5 Nxd5 9. dxe5 Be6 10. Bd3 Bg4 11. h3 Bxf3 12. Qxf3 Nxe5 13. Qe4 Nxd3 14. Qxd3 c6 15. Bb2 Qg5 16. a4 a5 17. b5 Nf4 18.
Qf3 Rae8 19. bxc6 bxc6 20. Kh1 Bc7 21. Ba3 Re6 22. Bxf8 Kxf8 23. Nd2 Rh6 24. Qg3 Qd5 25. Nf3 Bd6 26. Qg4 Ne2 27. Rae1 Nf4 28. Qc8# 1-0